 Dungeon Crawl Stone Soup version 0.31.0 (webtiles) character file.

Game seed: 10655542035942531497

463 Faeranduil the Apothecary (level 7, -1/41 HPs)
             Began as an Octopode Alchemist on Jan 19, 2024.
             Was an Initiate of Gozag.
             Splashed by a jelly's acid (9 damage)
             ... on level 5 of the Dungeon.
             The game lasted 00:15:10 (5710 turns).

Faeranduil the Apothecary (Octopode Alchemist)      Turns: 5710, Time: 00:15:11

Health: -1/41      AC: -3    Str:  7    XL:     7   Next: 7%
Magic:  8/11       EV: 13    Int: 19    God:    Gozag
Gold:   335        SH:  0    Dex: 13    Spells: 5/12 levels left

rFire   . . .        a - +1 dagger (venom)
rCold   . . .        (no shield)
rNeg    . . .        (helmet restricted)
rPois   .            (no amulet)
rElec   .            (no ring)
rCorr   .            (no ring)
SInv    .            (no ring)
Will    .....        (no ring)
Stlth   ++++         (no ring)
HPRegen 0.26/turn    (no ring)
MPRegen 0.12/turn    (no ring)
                     (no ring)

%: no passive effects
@: corroded
A: almost no armour, amphibious, 8 rings, camouflage 1, gelatinous body 1,
(nimble swimmer 1), tentacles
a: Renounce Religion, Potion Petition, Call Merchant, Bribe Branch


You were on level 5 of the Dungeon.
You worshipped Gozag.
Gozag was aware of your devotion.
You visited 1 branch of the dungeon, and saw 5 of its levels.

You collected 574 gold pieces.
You spent 169 gold pieces at shops.
You paid 70 gold pieces to Gozag.

Inventory:

Hand Weapons
 a - a +1 dagger of venom (weapon)
 m - a +0 vampiric spear
Armour
 p - a +0 buckler
Magical Staves
 b - a staff of conjuration
Talismans
 j - a serpent talisman
 r - a beast talisman
Wands
 g - a wand of flame (17)
Scrolls
 e - a scroll of amnesia {unknown}
 f - 2 scrolls of fog
 i - a scroll of teleportation
 k - a scroll of vulnerability {unknown}
 n - a scroll of noise {unknown}
Potions
 c - a potion of heal wounds
 d - a potion of magic
 h - a potion of haste
 l - 2 potions of curing
 o - 2 potions of might {unknown}
 q - a potion of brilliance {unknown}


   Skills:
 - Level 2.0 Dodging
 + Level 5.0 Stealth
 - Level 1.0 Shields
 + Level 3.3 Spellcasting
 + Level 3.0 Conjurations
 * Level 5.7 Alchemy
 * Level 1.2 Shapeshifting


You had 5 spell levels left.
You knew the following spells:

 Your Spells              Type           Power      Damage    Failure   Level
a - Sting                 Conj/Alch      76%        1d7       2%          1
f - Mercury Vapours       Alch/Air       28%        N/A       7%          2
g - Olgreb's Toxic Radia  Alch           24%        N/A       14%         4

Your spell library contained the following spells:

 Spells                   Type           Power      Damage    Failure   Level
 Magic Dart               Conj           56%        1d5       4%          1
 Static Discharge         Conj/Air       16%        3-4/arc   12%         2
 Mephitic Cloud           Conj/Alch/Air  14%        N/A       13%         3
 Apportation              Tloc           6%         N/A       16%         1
 Necrotise                Necr           12%        1d4       16%         1
 Summon Small Mammal      Summ           12%        N/A       16%         1
 Blink                    Tloc           6%         N/A       22%         2
 Call Imp                 Summ           6%         N/A       22%         2
 Sticky Flame             Fire/Alch      14%        2d5       41%         4
 Airstrike                Air            1%         2d(1-17)  83%         4
 Summon Lightning Spire   Summ/Air       3%         N/A       83%         4


Dungeon Overview and Level Annotations

Branches:
Dungeon (5/15)             Temple (0/1) D:4

Altars:
Gozag
Trog

Shops:
D:4 !


Innate Abilities, Weirdness & Mutations

You cannot wear most types of armour.
You are amphibious.
You can wear up to eight rings at the same time.
Your skin changes colour to match your surroundings (Stealth+).
Your rubbery body absorbs attacks. (AC +1, EV +1)
((You are camouflaged when in or above water. (Stealth+)))
You have tentacles for arms and can constrict up to eight enemies at once.


Message History

Aiming: Sting (safe; 2% risk of failure)
Press: ? - help, Shift-Dir - straight line, f - jelly
Aim: a jelly (100% to hit)
The sting hits the jelly.
The jelly is poisoned.
The jelly is lightly wounded.
Casting: Sting (safe; 2% risk of failure)
Confirm with . or Enter, or press ? or * to list all spells.
Aiming: Sting (safe; 2% risk of failure)
Press: ? - help, Shift-Dir - straight line, f/p - jelly
Aim: a jelly (lightly wounded, poisoned, 100% to hit)
The sting hits the jelly.
The jelly partially resists.
The jelly looks even sicker.
The jelly is moderately wounded.
Casting: Sting (safe; 2% risk of failure)
Confirm with . or Enter, or press ? or * to list all spells.
Aiming: Sting (safe; 2% risk of failure)
Press: ? - help, Shift-Dir - straight line, f/p - jelly
Aim: a jelly (moderately wounded, very poisoned, 100% to hit)
The sting hits the jelly.
The jelly partially resists.
The jelly is moderately wounded.
Casting: Sting (safe; 2% risk of failure)
Confirm with . or Enter, or press ? or * to list all spells.
Aiming: Sting (safe; 2% risk of failure)
Press: ? - help, Shift-Dir - straight line, f/p - jelly
Aim: a jelly (heavily wounded, very poisoned, 100% to hit)
The sting hits the jelly.
The jelly partially resists.
The jelly looks even sicker.
The jelly is heavily wounded.
The jelly hits you. The acid corrodes you!
You are splashed with acid!
The jelly attacks as it pursues you! The jelly hits you.
You are splashed with acid!
The jelly attacks as it pursues you! The jelly closely misses you.
The jelly attacks as it pursues you! The jelly hits you.
You are splashed with acid!
* * * LOW HITPOINT WARNING * * *
The jelly attacks as it pursues you! The jelly hits you.
* * * LOW HITPOINT WARNING * * *
You are splashed with acid!
You die...
Your body crumbles into a pile of gold.

##################### ##
#....................
.############.###################
..............# #>.. ..#####
.################.######.........
.#.#####........@J...........#...
.#.......<.#######.#.........#.##
.#.#####.#.........#.........# #<
.#.# #.#.......#........... #.
.#.# #.#.#####.#.##..#..... #.
.#.# #.#.# # #.###.##+#.. #.
.#.#####.#.# #.# .# . ##
.#.......#.# ..# .. #.
.#########.# . ##


You could see a jelly (very poisoned).

Vanquished Creatures
  A black bear (D:5)
  A hound (D:5)
  An orc priest (D:4)
  A sleepcap (D:5)
  Natasha (twice) (D:2)
  2 orc wizards (D:4)
  4 gnolls (D:4)
  7 adders
  4 dart slugs
  2 ribbon worms
  2 orcs (D:4)
  4 ball pythons
  7 bats
  An endoplasm (D:1)
  A giant cockroach (D:4)
  5 goblins
  6 hobgoblins
  2 jackals (D:3)
  8 kobolds
  4 quokkas
  6 frilled lizards
  23 rats
  A spectral goblin (D:2)
95 creatures vanquished.

Notes
Turn   | Place    | Note
-------+----------+-------------------------------------------
     0 | D:1      | Faeranduil the Octopode Alchemist began the quest for the
                  | Orb.
     0 | D:1      | Reached XP level 1. HP: 11/11 MP: 3/3
   173 | D:1      | Reached XP level 2. HP: 17/17 MP: 3/5
   615 | D:1      | Reached XP level 3. HP: 21/21 MP: 4/6
  1385 | D:2      | Noticed Natasha
  1391 | D:2      | Killed Natasha
  1392 | D:2      | Reached XP level 4. HP: 13/27 MP: 2/7
  1744 | D:2      | Reached XP level 5. HP: 13/31 MP: 2/9
  2020 | D:2      | Found a faded altar of an unknown god.
  2064 | D:2      | Noticed Natasha
  2075 | D:2      | Killed Natasha
  2127 | D:2      | Learned a level 2 spell: Mercury Vapours
  2618 | D:3      | Found an opulent altar of Gozag.
  2640 | D:3      | Became a worshipper of Gozag Ym Sagoz the Greedy
  3510 | D:4      | Found a bloodstained altar of Trog.
  3634 | D:4      | Found a staircase to the Ecumenical Temple.
  3645 | D:4      | Reached skill level 5 in Alchemy
  3968 | D:4      | Learned a level 4 spell: Olgreb's Toxic Radiance
  4113 | D:4      | Reached XP level 6. HP: 35/36 MP: 6/10
  4396 | D:4      | Reached skill level 1 in Shields
  4674 | D:4      | Found Axaupp's Distillery.
  4680 | D:4      | Bought a potion of curing for 39 gold pieces
  4680 | D:4      | Bought a potion of haste for 130 gold pieces
  4714 | D:5      | Entered Level 5 of the Dungeon
  5073 | D:5      | Noticed a black bear
  5130 | D:5      | Killed a black bear
  5131 | D:5      | Reached skill level 5 in Stealth
  5131 | D:5      | Reached skill level 1 in Shapeshifting
  5131 | D:5      | Reached XP level 7. HP: 23/41 MP: 1/11
  5133 | D:5      | Noticed a wraith
  5710 | D:5      | Splashed by a jelly's acid

Illustrated notes

Levels and vault maps discovered:
D:1:      grunt_arrival_lava_bath, layout_rooms, minmay_hexomino_p4
D:2:      layout_loops_ring, dreamdust_ecumenical_altar_drowned_temple,
          nicolae_twisty_statue_hallways, uniq_natasha
D:3:      layout_loops_ring, amcnicky_altar_gilded, kennysheep_small_spiral,
          minmay_rat_hole
D:4:      layout_gridville, trog_butcher_becter, minmay_temple_entry_mini_moons,
          serial_shops, nicolae_shop_industrial_runoff
D:5:      layout_basic, mainiacjoe_overflow_tiny_flanked,
          mainiacjoe_overflow_alcove_1, st_stairs_12, uniq_blork_the_orc

Skill      XL: |  1  2  3  4  5  6 |
---------------+-------------------+-----
Stealth        | 3 4 5 |  5.0
Alchemy        | 4 5 |  5.7
Conjurations   | 2 3 |  3.0
Spellcasting   | 3 |  3.3
Shields        | 1 |  1.0
Shapeshifting  | 1 |  1.2
Dodging        | |  2.0

Action                     |  1- 3 |  4- 6 |  7- 9 || total
---------------------------+-------+-------+-------++-------
  Melee: Dagger            |    17 |    43 |       ||    60
         Constrict         |     7 |    12 |       ||    19
         Tentacles         |     4 |     4 |       ||     8
         Punch             |       |     2 |       ||     2
   Cast: Sting             |    66 |   103 |     9 ||   178
         Olgreb's Toxic Ra |       |     4 |       ||     4
         Mercury Vapours   |       |     2 |       ||     2
    Use: Scroll            |       |     5 |     1 ||     6
         Potion            |       |       |     4 ||     4
 Armour: Skin              |    23 |    50 |    12 ||    85
  Dodge: Dodged            |    16 |    43 |     4 ||    63
